 Dungeon Sprint DCSS version 0.18-a0-1354-gbc5753f (webtiles) character file.

246 Kidiri the Covert (level 5, -2/27 HPs)
             Began as a Spriggan Enchanter on Feb 20, 2016.
             Slain by a neqoxec (10 damage)
             ... in the Dungeon (Sprint II: "The Violet Keep of Menkaure").
             The game lasted 00:00:27 (29 turns).

Kidiri the Covert (Spriggan Enchanter)                Turns: 29, Time: 00:00:27

Health: -2/27      AC:  3    Str:  2    XL:     5   Next: 84%
Magic:  7/15       EV: 23    Int: 17    God:
Gold:   0          SH:  0    Dex: 17    Spells: 1 memorised, 16 levels left

rFire  . . .     SeeInvis +     a - +1 dagger
rCold  . . .     Gourm    .     b - +1 robe
rNeg   . . .     Faith    .     (shield restricted)
rPois  .         Spirit   .     (helmet restricted)
rElec  .         Dismiss  .     (no cloak)
rCorr  .         Reflect  .     (gloves unavailable)
SustAt .         Harm     .     (boots unavailable)
MR     .....     NoTele   +     (no amulet)
Stlth  +++++.....               (no ring)
                                (no ring)

@: exhausted, slowed, quick, not resistant to hostile enchantments, quite
stealthy
A: unfitting armour, see invisible, herbivore 3, speed 3, slow metabolism 2,
weak 1
a: no special abilities


You were in the Dungeon.
You were not hungry.

You visited 1 branch

Inventory:

Hand Weapons
 a - a +1 dagger (weapon)
Armour
 b - a +1 robe (worn)
Scrolls
 j - a scroll of blinking
Potions
 e - a potion of curing
 g - a potion of haste
 h - 2 potions of magic
Books
 c - a book of Maledictions

   Spells                             Type                      Level
   a - Corona                         Hexes                        1
   b - Ensorcelled Hibernation        Hexes/Ice                    2
   c - Confuse                        Hexes                        3
   d - Tukima's Dance                 Hexes                        3
   e - Dazzling Spray                 Conjuration/Hexes            3
Comestibles
 d - a bread ration


   Skills:
 + Level 2.6 Fighting
 * Level 5.5 Short Blades
 + Level 2.4 Armour
 * Level 7.8 Dodging
 * Level 9.2 Stealth
 * Level 6.7 Spellcasting
 + Level 5.8 Hexes


You had 16 spell levels left.
You knew the following spells:

 Your Spells              Type           Power        Failure   Level  Hunger
a - Corona                Hex            ####...      1%          1    None


Dungeon Overview and Level Annotations

Branches:
Dungeon (1/1)

Altars:


Innate Abilities, Weirdness & Mutations

You are tiny and cannot use many weapons and most armour.
You have supernaturally acute eyesight.
You are an herbivore.
You cover ground extremely quickly.
You need consume almost no food.
You are weak. (Str -2)


Message History

The neqoxec is moderately wounded.
You puncture the neqoxec!
The neqoxec is severely wounded.
The neqoxec gestures.
The neqoxec misses you.
The white imp shouts, "Escape, thou gorbellied fool-born pignut!"
The white imp gestures at you. The puff of frost misses you.
You hit the neqoxec.
The neqoxec is severely wounded.
You are no longer berserk.
You are exhausted.
You feel yourself slow down.
Unknown command.
Drink which item? (? for menu, Esc to quit)
You feel much better. The neqoxec hits you. The neqoxec hits you!
* * * LOW HITPOINT WARNING * * *
The white imp completely misses you.
The crimson imp blinks!
The neqoxec misses you. The neqoxec hits you!
You die...

# ##n #+#
#.n.##.##
#$+.<.+
#.n.##ยง##
##n #@# #
#335#
#5##.5# ##
###


You could see 2 neqoxecs, an iron imp, a crimson imp and a white imp.

Vanquished Creatures
  2 neqoxecs (D)
2 creatures vanquished.

Vanquished Creatures (others)
  A crocodile (D)
1 creature vanquished.

Grand Total: 3 creatures vanquished

Notes
Turn   | Place    | Note
--------------------------------------------------------------
     0 | D        | Kidiri the Spriggan Enchanter began the quest for the Orb.
     0 | D        | Reached XP level 1. HP: 9/9 MP: 5/5
     1 | D        | Noticed a necrophage
     1 | D        | Noticed a necrophage
     1 | D        | Noticed a necrophage
     1 | D        | Noticed a necrophage
     4 | D        | Noticed a neqoxec
     4 | D        | Noticed a neqoxec
     4 | D        | Noticed a neqoxec
     4 | D        | Noticed a neqoxec
     9 | D        | Killed a crocodile
    11 | D        | Gained mutation: You are weak. (Str -2) [a neqoxec]
    14 | D        | Noticed an iron imp
    14 | D        | Killed a neqoxec
    14 | D        | Reached skill level 1 in Armour
    14 | D        | Reached skill level 6 in Dodging
    14 | D        | Reached skill level 7 in Stealth
    14 | D        | Reached skill level 5 in Spellcasting
    14 | D        | Reached skill level 5 in Hexes
    14 | D        | Reached XP level 2. HP: 15/15 MP: 5/9
    14 | D        | Reached XP level 3. HP: 18/18 MP: 6/11
    14 | D        | Reached XP level 4. HP: 23/23 MP: 6/12
    23 | D        | Killed a neqoxec
    23 | D        | Reached skill level 5 in Short Blades
    23 | D        | Reached skill level 9 in Stealth
    23 | D        | Reached XP level 5. HP: 25/27 MP: 6/15
    29 | D        | Slain by a neqoxec

Vault maps used:
D:        the_violet_keep_of_menkaure

Action                   |  1- 3 |  4- 6 || total
-------------------------+-------+-------++-------
Melee: Dagger            |     9 |    13 ||    22
  Use: Potion            |     1 |     1 ||     2
